 Dungeon Crawl Stone Soup version 0.27.1-33-g824d729ab1 (webtiles) character file.

Game seed: 6092011721247234789

26 SensoryNuts the Skirmisher (level 2, -5/27 HPs)
             Began as a Draconian Fighter on Dec 7, 2021.
             Slain by a gnoll (7 damage)
             ... on level 2 of the Dungeon.
             The game lasted 00:01:12 (1190 turns).

SensoryNuts the Skirmisher (Draconian Fighter)      Turns: 1190, Time: 00:01:13

Health: -5/27      AC:  4    Str: 17 (18) XL:     2   Next: 89%
Magic:  2/2        EV: 10    Int:  6 (8)  God:
Gold:   39         SH:  8    Dex:  9 (10) Spells: 1/1 levels left

rFire    . . .     SeeInvis .   a - +0 long sword
rCold    . . .     Faith    .   b - +0 kite shield
rNeg     . . .     Spirit   .   (armour unavailable)
rPois    .         Reflect  .   (helmet restricted)
rElec    .         Harm     .   (no cloak)
rCorr    .         Rampage  .   (no gloves)
Will     .....                  (no boots)
Stlth    +.........             (no amulet)
HPRegen  0.09/turn              (no ring)
MPRegen  0.08/turn              (no ring)

@: mighty, hasted, very quick
A: AC +4, unfitting armour, cold-blooded
a: no special abilities


You were on level 2 of the Dungeon.
You visited 1 branch of the dungeon, and saw 2 of its levels.

You collected 39 gold pieces.

Inventory:

Hand Weapons
 a - a +0 long sword (weapon)
Armour
 b - a +0 kite shield (worn)
Jewellery
 l - an amulet of regeneration
Scrolls
 g - 2 scrolls of amnesia {unknown}
 h - a scroll of enchant weapon {unknown}
 i - a scroll of fog {unknown}
 j - a scroll of magic mapping {unknown}
 k - 3 scrolls of identify {unknown}
Potions
 e - a potion of haste


   Skills:
 + Level 3.6 Fighting
 + Level 2.2 Long Blades
 + Level 2.8 Dodging
 + Level 0.6 Stealth
 + Level 3.3 Shields


You had one spell level left.
You didn't know any spells.
Your spell library contained the following spells:

 Spells                   Type           Power      Damage    Failure   Level
 Foxfire                  Conj/Fire      0%         2x1d4     92%         1
 Conjure Flame            Conj/Fire      0%         6-21      100%        3
 Dazzling Flash           Conj/Hex       0%         N/A       100%        3
 Inner Flame              Hex/Fire       0%         N/A       100%        3
 Iskenderun's Mystic Bla  Conj/Tloc      0%         2d3       100%        4
 Starburst                Conj/Fire      0%         6d3       100%        6


Dungeon Overview and Level Annotations

Branches:
Dungeon (2/15)

Altars:


Innate Abilities, Weirdness & Mutations

Your plain brown scales are hard. (AC +4)
You cannot fit into any form of body armour.
You are cold-blooded and may be slowed by cold attacks.


Message History

The gnoll moves out of view.
A gnoll is nearby!
A gnoll is nearby!
A gnoll comes into view. It is wielding a +0 halberd.
The gnoll shouts! x2
A gnoll comes into view. It is wielding a +0 spear.
The gnoll throws a throwing net.
The throwing net closely misses you.
You see here a throwing net.
The gnoll shouts!
You block the gnoll's attack.
You closely miss the gnoll. The gnoll barely misses you.
You riposte.
You barely miss the gnoll.
You tail-slap the gnoll, but do no damage.
The gnoll hits you with a +0 flail.
You slash the gnoll!
The gnoll is severely wounded.
The gnoll misses you.
You closely miss the gnoll.
The gnoll is severely wounded.
The gnoll hits you with a +0 flail!
The gnoll hits you from afar with a +0 spear.
The gnoll completely misses you. You block the gnoll's attack.
The gnoll barely misses you. You block the gnoll's attack.
The gnoll closely misses you.
You feel very mighty all of a sudden. The gnoll barely misses you.
You block the gnoll's attack.
The gnoll hits you from afar with a +0 halberd.
The gnoll barely misses you.
It was a potion of haste.
You feel yourself speed up. The gnoll hits you with a +0 flail.
* * * LOW HITPOINT WARNING * * *
The gnoll hits you from afar with a +0 spear.
* * * LOW HITPOINT WARNING * * *
The gnoll barely misses you. The gnoll hits you but does no damage.
It was a potion of degeneration.
There was something very wrong with that liquid.
You feel weakened.
You feel dopey.
You feel clumsy.
It was a potion of magic.
Magic courses through your body. The gnoll hits you with a +0 flail!
You die...

#).#...# #..#...# #
#......# .# #
#.#...####.#.#
#............#
####..#<...### ###+###
#..#.#########
.......####>.#.)........
.....gg@(.#........#####
.....gg##.#.##.###.#####
....... #.#.##.#........
....... #.#.##.#.#.#####
####### #.####.#.#.#####
#.# #..........
#.######.......#
#........#.#....
########.#.#.#.#


You could see 4 gnolls.

Vanquished Creatures
  A worm (D:2)
  5 endoplasms (D:1)
  3 goblins
  3 hobgoblins
  A ball python (D:2)
  A bat (D:1)
  4 frilled lizards (D:1)
  3 kobolds
  2 rats (D:1)
23 creatures vanquished.

Notes
Turn   | Place    | Note
-------+----------+-------------------------------------------
     0 | D:1      | SensoryNuts the Draconian Fighter began the quest for the
                  | Orb.
     0 | D:1      | Reached XP level 1. HP: 19/19 MP: 1/1
   280 | D:1      | Reached XP level 2. HP: 20/26 MP: 2/2
   545 | D:1      | Found a faded altar of an unknown god.
  1190 | D:2      | Slain by a gnoll

Illustrated notes

Levels and vault maps discovered:
D:1:      dpeg_arrival_pits, layout_loops_cross, basic_ecumenical_altar,
          hangedman_abyss_or_decor_lesser_grid, grunt_decor_fettered
D:2:      layout_basic, minivault_4

Action                   || total
-------------------------++-------
Melee: Long sword        ||    51
       Tailslap          ||     9
  Use: Potion            ||     4
 Stab: Sleeping          ||     3
Armor: Skin              ||     5
Dodge: Dodged            ||    30
Block: Kite shield       ||    19
       Rpst.: Long sword ||     8
